Map: Emerald City LE

Players

TrashCan

  • Race: Terran Terran
  • League: Platinum
  • Spawn Location: 11:00

Garethax

  • Race: Zerg Zerg
  • League: Diamond
  • Spawn Location: 11:00

Massa - Winner!

  • Race: Terran Terran
  • League: Platinum
  • Spawn Location: 5:00

qqq - Winner!

  • Race: Zerg Zerg
  • League: Platinum
  • Spawn Location: 5:00

VOD

Have the link to the VOD?

Description

Time

  • Played on: Dec. 5, 2020, 10:07 a.m.
  • Length: 19:47
Show
View Real Time Build Order
Export as new Build Order

TrashCan Terran 

Build Orders: Reaper Expand 

Get SALT Encoding   

  12  0:00  SCV  
  13  0:13  SCV  
  14  0:21  Supply Depot  
  14  0:25  SCV  
  15  0:42  SCV  
  16  0:45  Barracks  
  16  0:52  Refinery  
  16  0:54  Refinery  
  16  1:00  SCV  
  16  1:28  SCV  
  15  2:00  Reaper  
  16  2:12  SCV  
  17  2:24  SCV  
  18  2:32  Reaper  
  19  2:48  Factory  
  19  2:49  Orbital Command  
  19  2:54  Barracks  
  19  2:56  Barracks  
  19  3:17  Command Center  
  19  3:22  Supply Depot  
  19  3:38  Factory Reactor  
  19  3:39  SCV  
  20  3:52  Barracks Reactor  
  20  3:53  Barracks Reactor  
  20  3:55  Barracks Tech Lab  
  20  3:58  Barracks Reactor  
  20  4:14  SCV  
  21  4:25  Hellion  
  21  4:26  SCV  
  21  4:28  Hellion  
  26  4:36  Marine x2  
  26  4:38  SCV  
  29  4:44  SCV  
  30  4:50  SCV  
  31  4:56  Widow Mine x2, SCV  
  31  4:57  Marine  
  37  5:02  SCV  
  38  5:08  SCV  
  35  5:20  Marauder  
  36  5:21  Widow Mine x2  
  36  5:22  Marine  
  30  5:30  Marine x2  
  30  5:34  Marine  
  33  5:38  SCV  
  33  5:39  SCV  
  35  5:56  Marine x2  
  35  5:57  Marine x3  
  37  5:58  Siege Tank  
  37  5:59  Marine  
  44  6:06  SCV x2  
  46  6:21  Supply Depot  
  46  6:31  Marine x2  
  46  6:32  SCV  
  46  6:34  SCV  
  41  6:41  Marine x2  
  41  6:43  Marine  
  41  6:44  SCV, Siege Tank  
  49  6:49  Starport  
  49  6:53  Orbital Command  
  48  6:56  SCV  
  49  7:08  SCV  
  50  7:10  Marine x2  
  53  7:20  SCV  
  53  7:32  SCV  
  54  7:45  Stimpack  
  54  7:49  Marine  
  54  7:50  Widow Mine x2, SCV x2  
  61  8:02  SCV  
  61  8:05  Supply Depot  
  62  8:07  Supply Depot  
  62  8:09  Supply Depot  
  62  8:21  Engineering Bay x2  
  62  8:26  SCV, Marine  
  68  8:27  Widow Mine x2  
  67  8:39  SCV  
  64  8:43  SCV  
  64  8:44  Marine  
  63  8:48  Widow Mine  
  63  8:51  SCV  
  63  8:55  SCV  
  64  8:59  Marine x2  
  64  9:01  Marine  
  64  9:02  Marine  
  68  9:03  SCV  
  68  9:06  Refinery  
  68  9:07  SCV  
  68  9:09  Refinery  
  70  9:15  SCV  
  71  9:17  Missile Turret  
  71  9:19  SCV  
  71  9:23  Missile Turret  
  72  9:24  Combat Shield  
  72  9:27  SCV  
  72  9:31  SCV  
  74  9:39  SCV  
  74  9:40  Marine x4  
  74  9:42  Starport Reactor  
  74  9:43  SCV  
  80  10:28  Marine x4  
  81  10:29  Marine  
  85  10:46  Marine  
  86  10:57  Command Center  
  86  11:13  Supply Depot x2  
  86  11:15  Supply Depot  
  86  11:29  Terran Infantry Weapons Level 1  
  86  11:30  Terran Infantry Armor Level 1  
  86  11:33  Armory  
  86  11:34  SCV x2, Marine  
  86  11:35  Widow Mine x2, Viking x2  
  97  11:46  SCV x2  
  99  11:48  Marine x3  
  99  11:49  Marine  
  103  11:56  Widow Mine x2  
  103  11:59  SCV  
  108  12:05  Viking, Supply Depot  
  110  12:15  Orbital Command  
  110  12:16  SCV x2  
  110  12:17  Widow Mine  
  114  12:26  Medivac  
  114  12:28  SCV x2  
  118  12:35  Medivac  
  120  12:40  SCV, Factory  
  121  12:49  Widow Mine x2  
  125  12:56  SCV x3  
  128  13:08  SCV x2  
  128  13:26  Armory  
  128  13:30  Factory Tech Lab  
  128  13:31  Liberator  
  131  13:55  Liberator  
  131  13:59  Marine x3  
  131  14:00  Marine x2  
  133  14:13  Widow Mine  
  133  14:15  Refinery  
  133  14:17  Refinery, Viking  
  133  14:18  Widow Mine, Marine  
  133  14:21  Marine  
  133  14:22  Marine, Supply Depot  
  133  14:24  Supply Depot x2  
  133  14:26  Marine x2  
  133  14:27  Terran Infantry Armor Level 2, Terran Infantry Weapons Level 2  
  133  14:29  Terran Vehicle Weapons Level 1  
  133  14:30  Siege Tank  
  133  14:31  Barracks  
  130  14:35  Widow Mine  
  130  14:36  Marine  
  130  14:37  Barracks  
  129  14:38  Viking  
  129  14:39  Marine  
  129  14:40  Marine  
  129  14:44  Widow Mine, Marine x2  
  137  14:45  Supply Depot  
  137  14:49  Supply Depot  
  121  14:54  Marine  
  121  14:56  Widow Mine  
  121  14:57  Marine  
  121  14:58  Marine  
  120  15:01  Marine  
  120  15:02  Marine, Viking, Siege Tank  
  120  15:05  Widow Mine  
  129  15:08  Viking  
  129  15:12  Marine  
  128  15:15  Marine x2  
  128  15:18  Widow Mine  
  128  15:19  Marine  
  128  15:20  Marine  
  126  15:28  SCV x3  
  127  15:30  Marine  
  127  15:32  Viking  
  127  15:33  Marine x2  
  127  15:34  Siege Tank  
  135  15:37  Marine  
  135  15:38  Marine  
  135  15:40  SCV x2  
  139  15:46  Command Center  
  139  15:47  Marine x3  
  139  15:49  Widow Mine x2  
  146  15:51  Marine x2  
  146  15:55  Marine x2  
  150  16:05  Marine x3  
  150  16:06  Siege Tank  
  150  16:08  Marine  
  150  16:09  Marine  
  150  16:10  Widow Mine  
  156  16:14  Marine  
  156  16:15  Marine  
  143  16:23  Marine x3  
  143  16:38  Siege Tank  
  139  16:43  Marine x6  
  139  16:44  Marine  
  145  16:52  Widow Mine x2  
  149  17:01  Marine x7  
  156  17:10  Siege Tank  
  156  17:14  Widow Mine x2  
  163  17:18  Marine  
  163  17:19  Marine x5  
  163  17:21  Marine  
  154  17:35  Widow Mine x2  
  154  17:36  Marine  
  159  17:37  Marine  
  159  17:42  Siege Tank  
  153  17:53  Marine  
  153  17:54  Marine x5  
  153  17:55  Marine  
  153  17:56  Widow Mine  
  153  17:57  Widow Mine  
  153  17:58  Medivac x2  
  161  18:11  Marine  
  162  18:14  Siege Tank  
  128  18:27  Marine  
  128  18:28  Marine x5, Viking, Medivac  
  128  18:34  Marine  
  109  18:36  Widow Mine x2  
  111  18:45  Marine x3  
  111  18:46  Marine x3, Siege Tank  
  97  18:52  Marine  
  75  18:57  Widow Mine  
  75  18:58  Widow Mine, Viking x2  
  74  19:03  Marine x6  
  74  19:09  Marine  
  49  19:19  Widow Mine x2  
Show
View Real Time Build Order
Export as new Build Order

Garethax Zerg 

Build Orders: Hatch First, Lurkers 

Get SALT Encoding   

  12  0:00  Drone  
  13  0:13  Overlord  
  13  0:20  Drone  
  14  0:32  Drone  
  14  0:33  Drone  
  16  0:52  Hatchery  
  16  0:57  Drone  
  16  0:58  Drone  
  17  1:05  Drone  
  18  1:14  Extractor  
  17  1:24  Spawning Pool  
  16  1:30  Drone x3  
  19  1:41  Drone  
  20  1:55  Overlord  
  20  2:10  Zergling x2  
  20  2:12  Zergling x2  
  20  2:13  Queen x2  
  26  2:23  Metabolic Boost  
  26  2:25  Drone  
  26  2:26  Drone x3  
  30  2:48  Drone x4  
  34  2:54  Queen  
  36  3:01  Overlord  
  36  3:18  Overlord  
  36  3:21  Zergling x8  
  40  3:35  Queen  
  40  3:37  Drone  
  40  3:38  Drone x5  
  48  3:50  Drone x2  
  50  4:02  Zergling x4  
  52  4:07  Hatchery  
  51  4:10  Overlord  
  51  4:11  Overlord x2  
  51  4:13  Roach Warren  
  50  4:23  Zergling x2  
  50  4:24  Zergling x4  
  50  4:34  Drone x3, Extractor  
  49  4:59  Roach  
  63  5:00  Roach x6  
  60  5:11  Roach  
  60  5:12  Roach x4  
  68  5:36  Roach  
  68  5:37  Roach x3  
  76  5:44  Drone  
  76  5:45  Extractor  
  76  5:51  Extractor  
  73  6:21  Drone x9  
  73  6:24  Lair  
  82  6:48  Overlord x2  
  82  6:49  Overlord x2  
  82  7:06  Queen  
  84  7:18  Drone x10, Spore Crawler  
  93  7:46  Hydralisk Den  
  93  7:50  Queen x2  
  92  7:55  Spore Crawler  
  87  8:02  Spore Crawler x2  
  87  8:03  Drone x12  
  97  8:10  Tunneling Claws  
  90  8:23  Hydralisk x7  
  98  8:45  Extractor  
  98  8:46  Extractor  
  98  8:48  Grooved Spines  
  96  8:55  Hatchery  
  95  8:56  Hydralisk x5  
  95  9:00  Overlord x3  
  95  9:01  Overlord x3  
  105  9:12  Evolution Chamber  
  105  9:13  Evolution Chamber  
  105  9:15  Infestation Pit  
  105  9:16  Drone x4  
  106  9:17  Lurker Den  
  106  9:18  Queen  
  109  9:29  Glial Reconstitution  
  109  9:31  Burrow  
  107  9:35  Hydralisk x7  
  117  9:45  Ravager x2  
  112  9:59  Zerg Missile Weapons Level 1, Muscular Augments  
  112  10:00  Zerg Ground Armor Level 1  
  112  10:04  Overseer  
  112  10:22  Hive  
  112  10:23  Drone x7  
  119  11:13  Drone x6  
  119  11:14  Drone x6  
  119  11:17  Spire  
  130  11:27  Overlord x6  
  124  11:54  Queen x2  
  124  11:56  Overlord  
  124  11:57  Overlord x3  
  128  12:17  Roach x8  
  128  12:23  Seismic Spines  
  128  12:24  Lurker x5  
  128  12:25  Hydralisk x12  
  128  12:29  Zerg Ground Armor Level 2, Zerg Missile Weapons Level 2  
  157  12:32  Extractor  
  157  12:33  Extractor  
  147  12:42  Drone x4  
  147  12:43  Hatchery  
  132  12:56  Viper  
  132  12:57  Viper, Roach  
  131  13:20  Adaptive Talons  
  125  13:44  Hydralisk x12  
  150  13:48  Lurker  
  150  13:49  Lurker  
  150  13:50  Lurker  
  108  14:39  Hydralisk x15  
  108  14:40  Hydralisk x3  
  132  15:04  Nydus Network  
  132  15:06  Zergling x2  
  132  15:07  Zergling x22  
  141  15:26  Viper  
  141  15:27  Viper x2  
  136  15:43  Drone  
  136  15:44  Drone x8  
  123  16:13  Hydralisk  
  123  16:14  Hydralisk x16  
  154  16:36  Hydralisk x8  
  154  16:37  Hydralisk x3  
  150  16:52  Zergling x14  
  156  17:11  Hatchery  
  153  17:17  Lurker x6  
  154  17:24  Overseer x3  
  141  18:20  Overlord x10  
  139  18:38  Corruptor  
  139  18:39  Corruptor x4  
  116  19:07  Corruptor  
  116  19:08  Corruptor x3  
Show
View Real Time Build Order
Export as new Build Order

Massa Terran - Winner!

Build Orders: 2 Factory, Gas First Reaper Expand 

Get SALT Encoding   

  12  0:00  SCV  
  13  0:12  SCV  
  14  0:23  Supply Depot  
  14  0:24  SCV  
  15  0:35  Refinery  
  15  0:45  SCV  
  15  0:46  Barracks  
  16  0:57  SCV  
  17  1:09  SCV  
  18  1:26  Command Center  
  18  1:33  Reaper  
  18  1:39  Supply Depot  
  19  1:58  Orbital Command  
  19  2:09  Factory  
  19  2:11  Barracks Tech Lab  
  19  2:18  Refinery  
  19  2:25  SCV  
  20  2:37  SCV  
  21  2:57  Barracks Reactor  
  21  2:59  Factory  
  21  3:02  Orbital Command  
  21  3:03  SCV  
  22  3:12  Hellion  
  24  3:15  SCV  
  25  3:24  Infernal Pre-Igniter  
  25  3:27  SCV  
  25  3:28  SCV  
  27  3:39  SCV  
  27  3:40  SCV  
  29  3:42  Barracks  
  29  3:47  Hellion  
  31  3:49  Barracks Tech Lab  
  31  3:51  SCV, Hellion x2  
  31  3:52  SCV  
  37  4:03  SCV, Engineering Bay  
  37  4:04  SCV  
  37  4:09  Hellion  
  41  4:13  Hellion x2  
  45  4:31  Barracks Reactor  
  45  4:34  SCV  
  46  4:53  Missile Turret, Supply Depot  
  46  4:54  Supply Depot  
  46  4:55  Supply Depot  
  46  4:56  Supply Depot  
  46  5:15  SCV x2, Hellion x2, Marauder  
  54  5:27  SCV x2  
  56  5:36  Marine  
  53  6:09  Marauder, Marine x2  
  57  6:11  Stimpack  
  53  6:31  Marauder  
  46  6:51  Widow Mine x2  
  46  6:52  Widow Mine  
  46  6:53  Marauder, Marine x2  
  54  6:57  Refinery  
  54  7:01  Bunker  
  54  7:06  Barracks  
  54  7:11  Barracks, Marine x2  
  54  7:13  Widow Mine  
  54  7:14  Marauder  
  60  7:16  Barracks  
  60  7:22  SCV x2  
  62  7:27  Refinery  
  62  7:34  SCV  
  62  7:35  SCV, Marauder  
  66  7:38  Starport  
  66  7:45  Sensor Tower  
  66  7:48  Missile Turret  
  66  7:51  Command Center  
  66  7:55  SCV  
  66  7:56  SCV  
  68  8:07  Siege Tank  
  68  8:08  Widow Mine x2, SCV x2  
  77  8:15  Terran Infantry Weapons Level 1  
  77  8:16  Starport  
  77  8:20  SCV  
  77  8:21  Supply Depot  
  77  8:23  Supply Depot  
  77  8:24  Supply Depot  
  78  8:27  Supply Depot  
  78  8:30  Barracks Tech Lab, Armory  
  78  8:42  Barracks Reactor, Viking, Siege Tank  
  78  8:43  Combat Shield  
  83  8:48  Concussive Shells  
  83  8:59  Barracks Tech Lab  
  83  9:03  Starport Reactor  
  83  9:06  Marauder x2  
  83  9:07  Marine x2  
  89  9:12  Medivac  
  90  9:25  Marine  
  90  9:27  Marauder  
  90  9:28  Marauder  
  95  9:38  Planetary Fortress  
  95  9:39  SCV  
  95  9:40  SCV  
  97  9:49  Marauder  
  97  9:51  SCV  
  97  9:52  SCV  
  101  9:58  Marauder x2, Marine  
  106  10:04  Engineering Bay  
  106  10:09  Terran Infantry Armor Level 1, Medivac x2  
  106  10:10  Marauder  
  106  10:11  Medivac  
  106  10:12  Marine x2  
  106  10:13  Siege Tank  
  119  10:14  Widow Mine  
  119  10:15  Widow Mine  
  119  10:20  Marauder  
  125  10:31  Supply Depot  
  125  10:33  Supply Depot x2  
  125  10:34  Supply Depot x2  
  125  10:42  Terran Infantry Weapons Level 2  
  125  10:46  Terran Vehicle And Ship Armor Level 1  
  125  10:53  SCV x2, Marine x4, Medivac  
  125  10:54  Starport Tech Lab, Siege Tank, SCV  
  125  10:55  Widow Mine x2, Marauder x3  
  125  10:56  Refinery  
  147  10:58  Supply Depot  
  147  11:05  SCV x2  
  147  11:06  SCV, Command Center  
  147  11:10  Marine x4  
  154  11:16  Marauder  
  154  11:17  SCV x2  
  158  11:19  SCV  
  159  11:29  SCV x2  
  159  11:30  Refinery  
  161  11:49  SCV x3  
  164  11:54  Smart Servos  
  165  12:01  SCV  
  165  12:03  Terran Infantry Armor Level 2  
  165  12:06  Medivac x2  
  169  12:08  Command Center  
  169  12:36  Viking x2  
  176  13:13  Drilling Claws, Marauder x3, Marine  
  176  13:14  Widow Mine, Siege Tank  
  176  13:15  Widow Mine  
  190  13:34  Marauder x2  
  190  13:35  Widow Mine  
  189  13:43  Orbital Command  
  189  13:46  Siege Tank  
  192  13:49  Widow Mine  
  194  13:57  Widow Mine  
  193  14:10  Widow Mine  
  195  14:18  Siege Tank  
  163  14:44  SCV x3  
  154  14:47  Planetary Fortress  
  154  14:48  SCV  
  154  14:50  Siege Tank  
  151  14:56  SCV x2  
  151  14:57  SCV  
  151  14:59  Medivac x2  
  127  15:00  SCV, Viking  
  158  15:01  Marauder x2  
  158  15:02  Marauder, Marine x2  
  158  15:03  Marine x2  
  171  15:08  SCV x2  
  171  15:09  SCV  
  171  15:12  SCV  
  175  15:20  Marine x3  
  175  15:21  Marine  
  179  15:23  Marauder x3  
  185  15:29  Viking  
  187  15:38  Marine x2  
  189  15:44  Marauder  
  189  15:45  Siege Tank  
  189  15:46  Widow Mine x2  
  198  15:50  Marauder  
  192  16:14  Orbital Command  
  192  16:17  Siege Tank  
  177  16:40  SCV x3  
  177  16:41  SCV x2  
  180  16:49  Siege Tank  
  180  16:50  Widow Mine x2  
  180  16:52  SCV, Marauder x3  
  180  16:53  SCV x4, Marine x2  
  200  17:03  Terran Infantry Weapons Level 3  
  200  17:04  Terran Infantry Armor Level 3  
  200  17:21  Refinery  
  200  17:23  Refinery  
  200  17:35  Refinery  
  152  18:42  Marauder x3, Marine x3  
  152  18:43  Marine  
  147  18:49  SCV  
  147  18:50  SCV x3  
  148  19:01  SCV  
  148  19:02  SCV x2  
  151  19:03  Marauder x3  
  151  19:04  Supply Depot x2  
  151  19:05  Supply Depot  
  151  19:06  Missile Turret  
  151  19:07  Missile Turret  
  157  19:10  Supply Depot  
  157  19:15  Orbital Command  
  157  19:24  Missile Turret  
  157  19:25  Missile Turret  
  157  19:28  Missile Turret x2  
  166  19:45  Missile Turret  
  166  19:46  Missile Turret  
Show
View Real Time Build Order
Export as new Build Order

qqq Zerg - Winner!

Build Orders: Hatch First, Lurkers 

Get SALT Encoding   

  12  0:00  Drone  
  13  0:10  Drone  
  14  0:28  Overlord  
  14  0:50  Drone  
  14  0:52  Drone  
  14  0:53  Hatchery  
  15  1:05  Drone x2  
  17  1:31  Spawning Pool  
  17  1:32  Drone x2, Extractor  
  16  2:07  Drone x3  
  19  2:08  Extractor  
  19  2:10  Drone  
  19  2:23  Overlord  
  19  2:24  Queen  
  19  2:25  Queen  
  24  2:37  Drone x2  
  25  2:52  Drone x2  
  25  2:55  Drone  
  28  3:01  Metabolic Boost  
  28  3:08  Hatchery  
  28  3:10  Drone  
  28  3:11  Zergling x2  
  29  3:14  Zergling x6  
  32  3:25  Overlord  
  32  3:30  Drone, Evolution Chamber  
  32  3:38  Zergling x2  
  32  3:39  Lair  
  32  3:41  Drone  
  34  3:47  Drone x2  
  34  3:48  Zergling x2  
  37  4:01  Zerg Melee Weapons Level 1  
  37  4:03  Drone x3  
  37  4:04  Drone  
  41  4:10  Drone  
  42  4:21  Zergling x4  
  44  4:25  Overlord x3  
  44  4:30  Extractor  
  43  4:51  Hatchery, Drone x3  
  43  4:52  Drone  
  46  4:56  Extractor  
  45  5:00  Hydralisk Den, Spore Crawler  
  45  5:03  Extractor, Drone x3  
  45  5:04  Drone  
  46  5:15  Zergling x2  
  46  5:16  Zergling x2  
  41  5:37  Spire  
  41  5:40  Drone x2  
  41  5:41  Overlord x2  
  41  5:42  Drone x3  
  45  6:08  Drone  
  45  6:09  Drone  
  45  6:10  Drone, Hatchery  
  47  6:17  Hydralisk, Lurker Den  
  48  6:19  Zerg Ground Armor Level 1  
  48  6:20  Overlord  
  48  6:21  Zergling x4  
  48  6:22  Drone, Zergling x2  
  52  6:42  Drone x5  
  57  6:49  Mutalisk x4  
  57  6:52  Drone  
  66  6:55  Extractor  
  66  6:58  Mutalisk  
  67  7:04  Mutalisk  
  69  7:17  Pneumatized Carapace  
  69  7:20  Drone  
  69  7:21  Drone x4, Extractor  
  69  7:22  Drone  
  74  7:26  Mutalisk  
  74  7:28  Mutalisk  
  74  7:29  Drone  
  78  7:43  Mutalisk x2  
  82  7:44  Drone  
  82  7:45  Drone x5  
  83  8:38  Mutalisk x3  
  83  8:39  Mutalisk x2  
  83  8:40  Drone x3  
  88  9:00  Mutalisk  
  88  9:05  Baneling Nest  
  88  9:06  Zerg Flyer Weapons Level 1  
  88  9:07  Zerg Melee Weapons Level 2  
  87  9:10  Mutalisk  
  87  9:11  Drone x2  
  87  9:12  Drone x5  
  96  9:18  Queen  
  96  9:26  Overlord x2  
  96  9:28  Overlord x5  
  94  9:53  Hydralisk x2  
  94  9:54  Drone  
  94  9:55  Drone x5  
  94  9:57  Extractor x2  
  102  10:05  Muscular Augments  
  102  10:06  Centrifical Hooks  
  102  10:08  Zergling x4  
  102  10:09  Zergling x4  
  102  10:11  Drone x4  
  110  10:25  Drone  
  111  10:28  Drone x2  
  111  10:29  Drone  
  114  10:37  Hydralisk x4  
  114  10:38  Infestation Pit  
  114  10:39  Hydralisk x2  
  114  10:42  Drone x2  
  127  10:44  Lurker  
  127  10:45  Lurker  
  129  10:55  Drone x2  
  131  10:58  Hydralisk x2  
  131  11:04  Baneling x8  
  135  11:10  Evolution Chamber  
  134  11:17  Grooved Spines  
  134  11:23  Zerg Missile Weapons Level 1  
  124  11:43  Mutalisk x5  
  130  12:12  Drone  
  130  12:13  Drone x5  
  130  12:15  Lurker  
  137  12:16  Lurker x7  
  137  12:22  Hive  
  144  12:24  Hatchery  
  144  12:27  Zerg Ground Armor Level 2  
  131  12:49  Hatchery  
  128  13:04  Drone x3  
  131  13:06  Spore Crawler  
  130  13:25  Zerg Missile Weapons Level 2  
  130  13:27  Mutalisk x3  
  130  13:28  Zergling x4  
  130  13:29  Hydralisk x3, Zergling x12  
  130  13:30  Hydralisk  
  152  13:42  Overseer x2  
  152  13:52  Spore Crawler  
  152  13:54  Spine Crawler x2  
  152  13:55  Extractor  
  148  13:57  Extractor  
  148  13:59  Spine Crawler  
  146  14:09  Hatchery  
  134  14:59  Hydralisk x2, Corruptor  
  138  15:00  Corruptor x4  
  138  15:02  Greater Spire  
  138  15:05  Zerg Ground Armor Level 3  
  148  15:10  Ultralisk Cavern  
  138  15:19  Overseer  
  138  15:20  Hydralisk x3  
  138  15:21  Hydralisk x6  
  144  15:25  Baneling  
  144  15:26  Baneling x8  
  156  15:34  Drone x7  
  156  15:35  Drone x2  
  165  15:37  Overlord x8  
  165  15:38  Overlord x2  
  165  15:41  Zerg Melee Weapons Level 3  
  165  15:47  Drone  
  166  16:12  Lurker x5  
  166  16:13  Lurker x2, Corruptor x2  
  166  16:14  Corruptor x8  
  166  16:15  Corruptor x2  
  166  16:16  Drone x3  
  197  16:25  Hydralisk  
  199  16:29  Anabolic Synthesis  
  196  16:36  Spore Crawler  
  196  16:37  Spine Crawler  
  196  16:38  Spine Crawler  
  181  17:09  Ultralisk x3  
  181  17:11  Chitinous Plating  
  193  17:40  Corruptor x4  
  168  17:56  Brood Lord x7  
  168  17:57  Brood Lord x5  
  196  17:58  Hydralisk  
  196  18:00  Drone  
  179  18:25  Overseer x2  
  179  18:26  Overseer  
  171  18:35  Hydralisk x5, Corruptor  
  171  18:36  Corruptor x4  
  181  19:21  Hydralisk x6  
  181  19:22  Hydralisk x8  
  199  19:30  Spine Crawler  
  185  19:31  Spore Crawler  
  185  19:33  Spore Crawler  
Tags
 
Add a new tag
Caveats
  • Supply blocks, unpowered buildings, or Contaminate may cause inaccurate times.
  • Supply counts are checked every 10 seconds.